 Dungeon Crawl Stone Soup version 0.27.1 (webtiles) character file.

Game seed: 1957576401048154498

225 Gwenloh the Grasshopper (level 5, -3/25 HPs)
             Began as a Spriggan Warper on Aug 27, 2021.
             Killed from afar by a gnoll (16 damage)
             ... with an iceblast
             ... on level 3 of the Dungeon.
             The game lasted 00:21:21 (5806 turns).

Gwenloh the Grasshopper (Spriggan Warper)           Turns: 5806, Time: 00:21:22

Health: -3/25      AC:  2    Str:  7    XL:     5   Next: 68%
Magic:  2/10       EV: 23    Int: 15    God:
Gold:   239        SH:  0    Dex: 15    Spells: 4/9 levels left

rFire    + . .     SeeInvis +   a - +1 dagger (speed)
rCold    . . .     Faith    .   (shield restricted)
rNeg     . . .     Spirit   .   f - +0 robe
rPois    .         Reflect  .   (helmet restricted)
rElec    .         Harm     .   (no cloak)
rCorr    .         Rampage  .   (gloves unavailable)
Will     .....                  (boots unavailable)
Stlth    +++.......             (no amulet)
HPRegen  0.08/turn              m - ring of protection from fire
MPRegen  0.12/turn              p - +4 ring of evasion

@: very quick
A: very small, no large weapons, unfitting armour, see invisible, speed 3
a: no special abilities


You were on level 3 of the Dungeon.
You visited 1 branch of the dungeon, and saw 4 of its levels.

You collected 239 gold pieces.

Inventory:

Hand Weapons
 a - a +1 dagger of speed (weapon)
Missiles
 d - 5 boomerangs of dispersal
 o - 34 stones
 q - 9 poisoned darts (quivered)
 s - 5 boomerangs
 t - 2 atropa-tipped darts
Armour
 f - a +0 robe (worn)
Jewellery
 m - a ring of protection from fire (left hand)
 p - a +4 ring of evasion (right hand)
Scrolls
 c - a scroll of blinking
 e - a scroll of amnesia
 i - 2 scrolls of magic mapping
 l - a scroll of brand weapon {unknown}
Potions
 b - a potion of degeneration {unknown}
 g - a potion of attraction {unknown}
 h - a potion of curing
 j - a potion of ambrosia {unknown}
 k - a potion of haste {unknown}
 u - a potion of brilliance {unknown}


   Skills:
 - Level 1.5 Fighting
 + Level 3.5 Short Blades
 - Level 1.0 Throwing
 + Level 4.8 Dodging
 * Level 5.4 Stealth
 - Level 2.6 Spellcasting
 + Level 5.4 Translocations


You had 4 spell levels left.
You knew the following spells:

 Your Spells              Type           Power      Damage    Failure   Level
a - Blink                 Tloc           N/A        N/A       3%          2
b - Gell's Gravitas       Tloc           9%         N/A       7%          3

Your spell library contained the following spells:

 Spells                   Type           Power      Damage    Failure   Level
 Lesser Beckoning         Tloc           9%         N/A       7%          3
 Teleport Other           Tloc           18%        N/A       7%          3
 Beastly Appendage        Tmut           4%         N/A       21%         1
 Wereblood                Tmut           2%         N/A       30%         2
 Spider Form              Tmut/Pois      1%         N/A       52%         3
 Summon Guardian Golem    Hex/Summ       2%         N/A       52%         3
 Manifold Assault         Tloc           18%        N/A       52%         5
 Orb of Destruction       Conj           1%         N/A       100%        7
 Spellforged Servitor     Conj/Summ      1%         N/A       100%        7


Dungeon Overview and Level Annotations

Branches:
Dungeon (4/15)
 Temple: D:4-7

Altars:
Trog
Zin

Annotations:
D:4 Edmund


Innate Abilities, Weirdness & Mutations

You are very small and have problems with some larger weapons.
You are too small for most types of armour.
You have supernaturally acute eyesight. (SInv)
You cover ground extremely quickly. (Speed+++)


Message History

Aim: a gnoll, wielding a +0 spear (severely wounded, very poisoned, 61% to hit)
You throw a poisoned dart.
The poisoned dart closely misses the gnoll.
The poisoned dart hits the gnoll.
The gnoll looks even sicker.
The gnoll is severely wounded.
The gnoll misses you.
You kill the gnoll!
The gnoll misses you.
You closely miss the gnoll.
The gnoll is heavily wounded.
The gnoll barely misses you.
You closely miss the gnoll.
The gnoll is heavily wounded.
The gnoll misses you.
You hit the gnoll.
The gnoll is heavily wounded.
The gnoll barely misses you.
You hit the gnoll.
The gnoll is severely wounded.
The gnoll completely misses you.
You closely miss the gnoll.
The gnoll is severely wounded.
You kill the gnoll!
You barely miss the gnoll.
The gnoll is severely wounded.
The gnoll hits you but does no damage.
You barely miss the gnoll.
The gnoll is severely wounded.
The gnoll hits you with a +0 flail!
You barely miss the gnoll.
The gnoll is severely wounded.
Throw: 10 darts (poison)
Press: ? - help, Q - select action, (/) - cycle Shift-Dir - straight line, f - gnoll
Aim: a gnoll, wielding a +0 flail and carrying a wand of iceblast (7) (severely wounded, 61% to hit)
You throw a poisoned dart.
The poisoned dart closely misses the gnoll.
The gnoll misses you.
The gnoll zaps a wand.
The mass of ice explodes!
The iceblast engulfs you!
Ouch! That really hurt!
You die...

#..#........#.# #...##...
#..##########.# ###..#...
#.............# #####.#..#
####.......#########.......##
#####..........# ##..........
...............####
#..........#
#####.............#
#..........# #............<#
#.....[>....
#......#....@.####......g...#
#..........##..g.))(......>.#
#....###...##...##(........##
#.............#.##...........
##########....#..#...........
##......#...........
##.............)...
#.................
#....###..........


You could see a gnoll.

Vanquished Creatures
  Jessica (D:2)
  An iguana (D:4)
  Robin (D:3)
  An adder (D:2)
  5 gnolls
  2 worms
  4 dart slugs
  An orc (D:4)
  4 endoplasms (D:1)
  2 giant cockroaches
  13 hobgoblins
  3 jackals (D:2)
  2 kobolds
  6 quokkas
  5 ball pythons
  5 bats
  3 frilled lizards
  17 goblins
  11 rats
87 creatures vanquished.

Notes
Turn   | Place    | Note
-------+----------+-------------------------------------------
     0 | D:1      | Gwenloh the Spriggan Warper began the quest for the Orb.
     0 | D:1      | Reached XP level 1. HP: 10/10 MP: 5/5
   171 | D:1      | Reached skill level 1 in Stealth
   435 | D:1      | Reached XP level 2. HP: 9/14 MP: 6/6
   438 | D:1      | Learned a level 2 spell: Blink
  1548 | D:1      | Reached XP level 3. HP: 18/18 MP: 8/8
  1871 | D:1      | Learned a level 3 spell: Gell's Gravitas
  1921 | D:2      | Noticed Jessica
  2716 | D:2      | Reached XP level 4. HP: 22/22 MP: 9/9
  2887 | D:2      | Killed Jessica
  2975 | D:2      | You fall into a shaft and drop 2 floors!
  2991 | D:4      | Reached skill level 5 in Translocations
  3165 | D:4      | Noticed a lemure
  3211 | D:4      | Noticed Edmund
  3555 | D:3      | Noticed Robin
  3795 | D:2      | Reached XP level 5. HP: 25/25 MP: 10/10
  4854 | D:2      | Reached skill level 5 in Stealth
  5436 | D:3      | Found a bloodstained altar of Trog.
  5436 | D:3      | Found a glowing silver altar of Zin.
  5620 | D:3      | Killed Robin
  5806 | D:3      | Killed from afar by a gnoll

Illustrated notes

Levels and vault maps discovered:
D:1:      wander_arrival_desolate, layout_loops_ring
D:2:      layout_loops_ring, roderic_lattice_a, grunt_ministairs_11,
          uniq_jessica
D:3:      layout_rooms, jmf_multi_god_temple, regret_index_temple_of_mockery,
          serial_shops, nicolae_shop_temple_entry_statues_fountains,
          minmay_close_crescents, uniq_crazy_yiuf_cottage, uniq_sigmund,
          uniq_robin
D:4:      cheibrodos_quashed, layout_loops_cross,
          grunt_temple_overflow_lords_of_destruction, evilmike_ruin_ashenzari,
          minmay_hedge_maze, uniq_edmund, uniq_natasha, uniq_pikel, uniq_duvessa

Skill      XL: |  1  2  3  4  5 |
---------------+----------------+-----
Stealth        | 1 2 3 4 5 |  5.4
Dodging        | 4 |  4.8
Short Blades   | 3 |  3.5
Translocations | 5 |  5.4
Fighting       | |  1.5
Throwing       | |  1.0
Spellcasting   | |  2.6

Action                   |  1- 3 |  4- 6 || total
-------------------------+-------+-------++-------
Melee: Short sword       |    50 |       ||    50
       Dagger            |   142 |   270 ||   412
Throw: Dart              |       |    46 ||    46
 Cast: Blink             |     1 |     4 ||     5
       Gell's Gravitas   |       |     3 ||     3
  Use: Scroll            |       |     4 ||     4
 Stab: Sleeping          |    11 |     7 ||    18
       Distracted        |       |     2 ||     2
Armor: Robe              |    15 |     9 ||    24
Dodge: Dodged            |   106 |   153 ||   259
